 Dungeon Crawl Stone Soup version 0.19.1-1-g22dce08 (webtiles) character file.

48 sveltemanboy the Caller (level 3, 0/28 HPs)
             Began as a Draconian Summoner on Jan 3, 2017.
             Slain by a gnoll
             ... wielding a +0 spear
              (3 damage)
             ... on level 2 of the Dungeon.
             The game lasted 00:02:44 (1043 turns).

sveltemanboy the Caller (Draconian Summoner)        Turns: 1043, Time: 00:02:44

Health: 0/28       AC:  5    Str: 10    XL:     3   Next: 50%
Magic:  4/6        EV: 12    Int: 16    God:
Gold:   12         SH:  0    Dex: 11    Spells: 2 memorised, 3 levels left

rFire  . . .     SeeInvis .     c - -1 short sword (curse)
rCold  . . .     Gourm    .     (armour unavailable)
rNeg   . . .     Faith    .     (no shield)
rPois  .         Spirit   .     (helmet restricted)
rElec  .         Reflect  .     (no cloak)
rCorr  .         Harm     .     (no gloves)
MR     .....                    (no boots)
Stlth  ++........               (no amulet)
                                (no ring)
                                (no ring)

@: no status effects
A: unfitting armour, cold-blooded, AC +5
a: no special abilities


You were on level 2 of the Dungeon.
You were not hungry.

You visited 1 branch of the dungeon, and saw 2 of its levels.

You collected 12 gold pieces.

Inventory:

Hand Weapons
 c - a cursed -1 short sword (weapon)
Scrolls
 d - 2 scrolls of remove curse {unknown}
Books
 a - a book of Callings

   Spells                             Type                      Level
   a - Summon Small Mammal            Summoning                    1
   b - Call Imp                       Summoning                    2
   c - Call Canine Familiar           Summoning                    3
   d - Summon Guardian Golem          Hexes/Summoning              3
   e - Summon Lightning Spire         Summoning/Air                4
   f - Summon Ice Beast               Ice/Summoning                4
Comestibles
 b - a bread ration
 f - a chunk of flesh


   Skills:
 - Level 1.0 Fighting
 - Level 1.7 Dodging
 - Level 1.7 Stealth
 - Level 2.0 Spellcasting
 + Level 5.1 Summonings


You had 3 spell levels left.
You knew the following spells:

 Your Spells              Type           Power        Failure   Level  Hunger
a - Summon Small Mammal   Summ           ###.         2%          1    #......
b - Call Imp              Summ           ###.....     4%          2    ###....


Dungeon Overview and Level Annotations

Branches:
Dungeon (2/15)

Altars:


Innate Abilities, Weirdness & Mutations

Your plain brown scales are hard. (AC +5)
You cannot fit into any form of body armour.
You are cold-blooded and may be slowed by cold attacks.


Message History

Your quokka misses the gnoll. The gnoll misses you.
Some of the chunks of flesh in your inventory have rotted away.
You barely miss the gnoll.
The gnoll is lightly wounded.
Your quokka bites the gnoll.
The gnoll hits you with a spear.
Your quokka bites the gnoll.
You hit the gnoll but do no damage.
The gnoll is heavily wounded.
The gnoll closely misses you.
Your quokka barely misses the gnoll.
You hit the gnoll.
The gnoll is severely wounded.
The gnoll barely misses you.
Your quokka bites the gnoll.
The gnoll hits you with a spear!
* * * LOW HITPOINT WARNING * * *
You are too injured to fight recklessly!
You aren't carrying any potions.
You hit the gnoll but do no damage.
The gnoll is severely wounded.
Your quokka closely misses the gnoll.
The gnoll hits you with a spear.
You die...

##########
#@gr.....#
########)#
#.# #.# #g#
#g# #.#
#.########g#
#ggggr.....#


You could see a gnoll and a friendly quokka.

Vanquished Creatures
  2 gnolls (D:1)
  3 giant cockroaches (D:1)
  A hobgoblin (D:2)
  A jackal (D:1)
  A ball python (D:1)
  4 bats (D:1)
  3 frilled lizards (D:1)
  2 kobolds (D:1)
  A rat (D:1)
18 creatures vanquished.

Vanquished Creatures (collateral kills)
  A gnoll (D:1)
  5 hobgoblins (D:1)
  2 jackals (D:1)
  A kobold (D:1)
  A ball python (D:1)
  3 goblins (D:1)
13 creatures vanquished.

Grand Total: 31 creatures vanquished

Notes
Turn   | Place    | Note
-------+----------+-------------------------------------------
     0 | D:1      | sveltemanboy the Draconian Summoner began the quest for the Orb.
     0 | D:1      | Reached XP level 1. HP: 14/14 MP: 3/3
   172 | D:1      | Reached XP level 2. HP: 17/22 MP: 0/5
   264 | D:1      | Learned a level 2 spell: Call Imp
   292 | D:1      | Reached skill level 1 in Fighting
   752 | D:1      | Reached XP level 3. HP: 28/28 MP: 2/6
   804 | D:1      | Reached skill level 5 in Summonings
  1043 | D:2      | Slain by a gnoll

Skill      XL: |  1  2  3 |
---------------+----------+-----
Fighting       | 1 |  1.0
Summonings     | 5 |  5.1
Dodging        | |  1.7
Stealth        | |  1.7
Spellcasting   | |  2.0

Action                   || total
-------------------------++-------
Melee: Short sword       ||    62
       Unarmed           ||    18
       Tailslap          ||     9
 Cast: Summon Small Mamm ||    27
       Call Imp          ||     4
  Eat: Chunk             ||     1
Armor: Skin              ||    30
Dodge: Dodged            ||    70
